[Event "Live Chess"]
[Site "Chess.com"]
[Date "2023.05.21"]
[Round "-"]
[White "BritishIsles"]
[Black "Keithdfg"]
[Result "0-1"]
[WhiteElo "2400"]
[BlackElo "1989"]
[TimeControl "300"]
[EndTime "3:56:56 PDT"]
[Termination "Keithdfg won on time"]

1. d4 d6 2. e4 Nf6 3. Nc3 Nbd7 4. Nf3 e5 5. g3 c6 6. Bg2 Be7 7. a4 Qc7 8. O-O h6 9. a5 Nf8 10. b3 Ng6 11. Bb2 h5 12. Re1 h4 13. Qe2 hxg3 14. hxg3 Bg4 15. Qc4 Rc8 16. dxe5 dxe5 17. Ng5 O-O 18. f3 Bd7 19. Ba3 Bxa3 20. Rxa3 b5 21. Qc5 Nh7 22. Nxh7 Kxh7 23. b4 Be6 24. Nd1 Rfd8 25.
Ne3 Rd4 26. Rd3 Rcd8 27. Red1 Rxd3 28. Rxd3 Rxd3 29. cxd3 Qd7 30. Qc3 f6 31. Nc2 Nf8 32. d4 Qd6 33. Kf2 Nd7 34. Ke3 a6 35. f4 Bc4 36.
dxe5 fxe5 37. Qd2 Qe7 38. Bf3 Nf6 39. fxe5 Qxe5 40. Kf2 Nxe4+ 41. Bxe4+ Qxe4 42. Ne3 Bd5 43. Nxd5 cxd5 44. Qg5 Qc2+ 45. Kf3 Qd1+ 46. Kg2 Qe2+ 47. Kg1 Qe4 48. Qh5+ Kg8 49. Qg5 d4 50. Qd8+ Kf7 51.
Qd7+ Kg6 52. Qd6+ Kg5 53. Qd8+ Kg4 54. Qh4+ Kf3 55. Qh1+ Ke3 0-1

[Event "Live Chess"]
[Site "Chess.com"]
[Date "2023.05.21"]
[Round "-"]
[White "Shepherds_Pie"]
[Black "LiamClery2020"]
[Result "1-0"]
[WhiteElo "1947"]
[BlackElo "2002"]
[TimeControl "300"]
[EndTime "3:57:18 PDT"]
[Termination "Shepherds_Pie won by resignation"]

1. c4 Nf6 2. Nc3 e5 3. Nf3 Nc6 4. e3 d5 5. cxd5 Nxd5 6. Bb5 Nxc3 7. bxc3 Bd6 8. d4 exd4 9. cxd4 Bd7 10. O-O O-O 11. Bd2 a6 12. Bd3 Qf6 13. Rb1 b5 14.
Qc2 g6 15. Bc3 b4 16. Ba1 Qe7 17. e4 Bg4 18. Nd2 f6 19. Qxc6 Qe6 20. Bc4 1-0

[Event "Live Chess"]
[Site "Chess.com"]
[Date "2023.05.21"]
[Round "-"]
[White "Abde2012"]
[Black "Singapourfeuj"]
[Result "0-1"]
[WhiteElo "751"]
[BlackElo "2198"]
[TimeControl "300"]
[EndTime "3:57:34 PDT"]
[Termination "Singapourfeuj won by checkmate"]

1. d4 Nf6 2. c4 g6 3. Nc3 Bg7 4. Bf4 d6 5. e3 O-O 6. Nf3 Nbd7 7. g3 h6 8. Bg2 g5 9. e4 gxf4 10. gxf4 e5 11. fxe5 dxe5 12. dxe5 Nh5 13. O-O Nxe5 14.
Nxe5 Qxd1 15. Rfxd1 Bxe5 16. Rd5 Bxc3 17. bxc3 Ng7 18.
Rad1 Be6 19. Re5 Rfd8 20. Rxd8+ Rxd8 21. c5 f6 22. Rd5 Bxd5 23. exd5 b6 24. cxb6 axb6 25.
a4 Nf5 26. Be4 Nd6 27. Bf3 f5 28. Kg2 Kg7 29. Kg3 Kf6 30. Kh4 Ke5 31. Kh5 Kf6 32. Kxh6 Rh8# 0-1

[Event "Live Chess"]
[Site "Chess.com"]
[Date "2023.05.21"]
[Round "-"]
[White "matt1979"]
[Black "Ferrarifan27"]
[Result "0-1"]
[WhiteElo "1549"]
[BlackElo "2073"]
[TimeControl "300"]
[EndTime "3:57:39 PDT"]
[Termination "Ferrarifan27 won by resignation"]

1. f4 Nf6 2. Nf3 d6 3. e3 Nc6 4. Bb5 Bd7 5. O-O a6 6. Bxc6 Bxc6 7. d3 e6 8. e4 Be7 9. Nc3 O-O 10. Qe1 d5 11. h3 dxe4 12. dxe4 Bc5+ 13. Kh1 Qe7 14. Ne5 Bd7 15. Bd2 Rad8 16. Rd1 Bc8 17. Qh4 Nxe4 18. Nxe4 Qxh4 0-1

[Event "Live Chess"]
[Site "Chess.com"]
[Date "2023.05.21"]
[Round "-"]
[White "diana21strabt"]
[Black "Twickenham2014"]
[Result "0-1"]
[WhiteElo "1746"]
[BlackElo "2304"]
[TimeControl "300"]
[EndTime "3:57:49 PDT"]
[Termination "Twickenham2014 won by resignation"]

1. e4 c5 2. Nf3 d6 3. d4 cxd4 4. Nxd4 Nf6 5. Nc3 g6 6. Be3 Bg7 7. f3 Nc6 8. Qd2 O-O 9. O-O-O d5 10. exd5 Nxd5 11. Nxc6 bxc6 12. Nxd5 cxd5 13. Qxd5 Qc7 14.
Qxa8 Bf5 15. Qxf8+ Bxf8 16. Bd3 Be6 17. a3 h5 18. h3 Bg7 19. Kb1 Qb7 20. Bc1 Qd5 21. c4 Qc5 22. Rhe1 Bf6 23. Be3 Qc7 24. Rc1 Qe5 25.
Rc2 a5 26. Bd2 Qc5 27. Be3 Qd6 28. c5 Qxd3 29. c6 Bb3 30. Rc1 Qxe3 31. c7 Be6 32. c8=Q+ Bxc8 33. Rxc8+ Kg7 34. R8c5 Qd2 35. R1c2 Qd1+ 36.
Ka2 a4 37. R5c4 Qd5 38. Kb1 Qb5 39. Rb4 Qf1+ 40. Ka2 Qd1 41. Rbc4 e5 42. Rc6 Bg5 43.
R2c3 Bd2 44. Rd3 Qe2 45. Rcd6 Bf4 46. R6d5 Qxg2 47. h4 Qh3 48. Rc3 Qxh4 49. Rc4 Qe7 50. Rxa4 Qe6 51. Ra5 h4 52. Kb1 h3 53. Rd1 h2 54. Rh1 Qc6 55. Ra8 Qxa8 56. b4 Qxf3 57. Rd1 Qxd1+ 58. Kb2 Qd3 0-1

[Event "Live Chess"]
[Site "Chess.com"]
[Date "2023.05.21"]
[Round "-"]
[White "HoarseyHorsey"]
[Black "domrobson"]
[Result "0-1"]
[WhiteElo "1459"]
[BlackElo "1696"]
[TimeControl "300"]
[EndTime "3:57:49 PDT"]
[Termination "domrobson won by resignation"]

1. d4 Nf6 2. c4 e6 3. Nc3 d5 4. cxd5 exd5 5. Bg5 Be7 6. e3 Be6 7. Nf3 Nbd7 8. Bd3 c6 9. O-O O-O 10. Qc2 h6 11. Bh4 c5 12. Bf5 cxd4 13. Nxd4 Bxf5 14. Nxf5 Rc8 15. Nxe7+ Qxe7 16. Qd3 Qe6 17. Rfd1 Ne5 18. Qd4 Rc4 19. Qd2 Rxh4 20. Nxd5 Qxd5 21. Qxd5 Nxd5 22.
Rxd5 Nc6 23. Rad1 Rb4 24. b3 Re4 25. Rd7 Re7 26. f3 Rxd7 27. Rxd7 Rb8 28. Kf2 a5 29. g4 b5 30. f4 a4 31. bxa4 bxa4 32. Rd6 Ne7 33. Kf3 Kf8 34. Ra6 Rb4 35. h4 Ke8 36. f5 f6 37. h5 Nd5 38. Re6+ Kf7 39. e4 Nc3 40. e5 fxe5 41. Rxe5 Nxa2 0-1

[Event "Live Chess"]
[Site "Chess.com"]
[Date "2023.05.21"]
[Round "-"]
[White "Dhaydon19"]
[Black "raminguy"]
[Result "1-0"]
[WhiteElo "2697"]
[BlackElo "1977"]
[TimeControl "300"]
[EndTime "3:57:56 PDT"]
[Termination "Dhaydon19 won by resignation"]

1. d4 d5 2. Nf3 Nf6 3. c3 e6 4. g3 Be7 5. Bg2 O-O 6. O-O c5 7.
Nbd2 cxd4 8. Nxd4 Nc6 9. Nxc6 bxc6 10. e4 e5 11. exd5 cxd5 12. Nf3 Bd6 13. Re1 Re8 14.
Bg5 Bb7 15. Nh4 h6 16. Bxf6 Qxf6 17. Bxd5 Bxd5 18. Qxd5 Rad8 19. Qe4 Bc5 20. Re2 Qg5 21. Kg2 f5 22. Qxf5 1-0

[Event "Live Chess"]
[Site "Chess.com"]
[Date "2023.05.21"]
[Round "-"]
[White "Driftboard"]
[Black "Tiltador"]
[Result "1-0"]
[WhiteElo "882"]
[BlackElo "880"]
[TimeControl "300"]
[EndTime "3:58:01 PDT"]
[Termination "Driftboard won by resignation"]

1. e4 d5 2. exd5 Qxd5 3. Nc3 Qe6+ 4. Qe2 Qxe2+ 5. Bxe2 e6 6. d3 Bb4 7. Bd2 Nf6 8. a3 Bxc3 9. Bxc3 O-O 10. Bxf6 gxf6 11.
O-O-O Nc6 12. Nf3 b6 13. h3 Bb7 14. g4 Ne5 15. Nxe5 fxe5 16. Rhg1 Kh8 17. h4 f5 18. g5 f4 19. Bg4 Rae8 20. Bh5 Re7 21. g6 hxg6 22. Rxg6 Rg7 23. Rxe6 f3 24. Rxe5 Rfg8 25.
Re6 Rg1 26. Rh6+ Kg7 27. Rxg1+ Kf8 28. Rf6+ Ke7 29. Rf7+ Kd6 30. Rxg8 Bd5 31. Rg6+ Kc5 32. Rf5 c6 33. Bxf3 Kb5 34. Bxd5 cxd5 35. Rxd5+ Ka6 36. h5 1-0

[Event "Live Chess"]
[Site "Chess.com"]
[Date "2023.05.21"]
[Round "-"]
[White "manthanit"]
[Black "NAZRIZ1977"]
[Result "0-1"]
[WhiteElo "1088"]
[BlackElo "1963"]
[TimeControl "300"]
[EndTime "3:58:01 PDT"]
[Termination "NAZRIZ1977 won by resignation"]

1. e4 c5 2. b3 d5 3. exd5 Qxd5 4.
Bb2 Nf6 5. Nc3 Qd8 6. Nf3 Nc6 7. Bb5 Bd7 8. O-O g6 9. Re1 Bg7 10. Rb1 O-O 11. d4 cxd4 12. Nxd4 Nxd4 13. Qxd4 Bxb5 14. Qxd8 Rfxd8 15. Nxb5 a6 16. Nc3 e6 17. h3 Rac8 18. Ne4 Nxe4 19. Bxg7 Kxg7 20. Rxe4 Rxc2 21. Ra1 Rdd2 22. Rf4 Rxa2 23. Rxa2 Rxa2 24. Rb4 b5 25. Rd4 Rb2 26. Rd3 Kf6 27. Kf1 Ke5 28. Ke1 a5 29. Kd1 Rxf2 30. Rf3 Rxf3 31. gxf3 Kf4 0-1

[Event "Live Chess"]
[Site "Chess.com"]
[Date "2023.05.21"]
[Round "-"]
[White "JanMur7"]
[Black "garyjc"]
[Result "1-0"]
[WhiteElo "1978"]
[BlackElo "1045"]
[TimeControl "300"]
[EndTime "3:58:06 PDT"]
[Termination "JanMur7 won on time"]

1. e4 c5 2. Nf3 a6 3. a4 d6 4. c3 e6 5. d4 b6 6. dxc5 bxc5 7.
Be3 Nf6 8. Nbd2 Ng4 9. Bf4 Be7 10.
h3 Nf6 11. Bd3 O-O 12. O-O Nc6 13. e5 dxe5 14. Bxe5 Qxd3 15. Bg3 Qd8 16. Qc2 Bd6 17. Bxd6 Qxd6 18. Rad1 Qe7 19. Rfe1 Bb7 20. Nc4 Na7 21. Nd6 Bxf3 22. gxf3 Nd5 23. Rxd5 Nc6 24. Rdd1 Qg5+ 25. Kh1 Ne5 26. Qe4 f6 27. Rg1 Qh6 28. Rg3 f5 29.
Qxe5 f4 30. Qxg7+ 1-0

[Event "Live Chess"]
[Site "Chess.com"]
[Date "2023.05.21"]
[Round "-"]
[White "Chesscoach_Golichenko"]
[Black "bedsdrout"]
[Result "1-0"]
[WhiteElo "2618"]
[BlackElo "571"]
[TimeControl "300"]
[EndTime "3:58:22 PDT"]
[Termination "Chesscoach_Golichenko won by checkmate"]

1. d4 e5 2. dxe5 Nc6 3. f4 Qe7 4. Nf3 Qc5 5. Nc3 Qb6 6. e4 f6 7. Nd5 Qc5 8. Nxc7+ Kd8 9. Ne6+ Ke8 10. Nxc5 fxe5 11. Be3 exf4 12. Bf2 b6 13. Nd3 a6 14. Nxf4 Bd6 15. Qxd6 Nge7 16. Bc4 Ne5 17. Qxe5 d6 18.
Qxd6 Kf8 19. Bh4 Rb8 20. Qxe7# 1-0

[Event "Live Chess"]
[Site "Chess.com"]
[Date "2023.05.21"]
[Round "-"]
[White "whitedjohn"]
[Black "WilliamofOrange16th"]
[Result "1-0"]
[WhiteElo "1662"]
[BlackElo "1866"]
[TimeControl "300"]
[EndTime "3:58:22 PDT"]
[Termination "whitedjohn won by resignation"]

1. e4 d6 2. d4 Nf6 3. Nc3 Nbd7 4.
Bc4 e5 5. dxe5 dxe5 6. Bg5 c6 7. Nf3 Be7 8. Qd2 Qc7 9. O-O-O O-O 10. h4 b5 11. Bb3 Nc5 12. Rhe1 a5 13. a4 Nxb3+ 14.
cxb3 b4 15. Nb1 Be6 16. Bxf6 Bxf6 17. Qe3 Rfd8 18. Nbd2 c5 19. Nc4 Bxc4 20. bxc4 Qc6 21. b3 Kf8 22. Rd5 Rxd5 23. exd5 Qd6 24. Nxe5 Bxh4 25. g3 Bf6 26. f4 g6 27. Ng4 Bg7 28.
Ne5 h5 29. Nd3 Rc8 30. Kc2 Qf6 31. Ne5 Qf5+ 32. Qe4 Qxe4+ 33. Rxe4 Kg8 34. Nc6 Bf8 35. Nxa5 Kg7 36. Nc6 Rc7 37. a5 f5 38. Re6 Rc8 39.
a6 Kf7 40. a7 h4 41. gxh4 Bh6 42. Nb8 Bxf4 43. a8=Q 1-0

[Event "Live Chess"]
[Site "Chess.com"]
[Date "2023.05.21"]
[Round "-"]
[White "davigator"]
[Black "smoggyrabbit"]
[Result "1-0"]
[WhiteElo "2325"]
[BlackElo "1704"]
[TimeControl "300"]
[EndTime "3:58:28 PDT"]
[Termination "davigator won on time"]

1. e4 e6 2. d4 d5 3. Nc3 Nf6 4. e5 Nfd7 5. f4 c5 6. Nf3 Nc6 7. Be3 Be7 8. a3 b6 9. Bb5 Bb7 10. O-O O-O 11. Qd2 cxd4 12. Nxd4 Nxd4 13. Bxd4 Nc5 14. f5 exf5 15. Rxf5 Ne4 16. Qe3 Rc8 17. Raf1 g6 18. R5f3 Bg5 19. Qd3 Nd2 20. Ne2 Nxf1 21.
Rxf1 Be7 22. b4 a5 23. c3 axb4 24. axb4 Qc7 25. Nf4 Bg5 26. Nh3 Bh6 27. Qf3 Bg7 28. Re1 Bc6 29. Bxc6 Qxc6 30. Nf4 Rfe8 31. Nxd5 Qe6 32.
Nxb6 Bxe5 33. Rxe5 Qa2 34. Nxc8 Rxc8 35. Qe2 Qb1+ 36.
Qe1 Qb2 37. Re8+ 1-0

[Event "Live Chess"]
[Site "Chess.com"]
[Date "2023.05.21"]
[Round "-"]
[White "Missedidea"]
[Black "Greenbecker"]
[Result "1-0"]
[WhiteElo "1847"]
[BlackElo "1644"]
[TimeControl "300"]
[EndTime "3:58:46 PDT"]
[Termination "Missedidea won by resignation"]

1. d4 d5 2. c4 e6 3. Nc3 Nf6 4. Bg5 Bb4 5. Qa4+ Nc6 6. Nf3 Bd7 7. Qc2 h6 8. Bxf6 Qxf6 9. e3 e5 10. cxd5 exd4 11. dxc6 dxc3 12. cxd7+ Kxd7 13. O-O-O+ Kc8 14. b3 Ba3+ 15. Kb1 Bb2 16. Bd3 a5 17. Bf5+ Kb8 18.
Rd7 a4 19. b4 g6 20. Be4 Re8 21. Rhd1 a3 22. Nd4 Qe5 23. Bf3 Ka7 24. Rd5 Qxh2 25. Nb5+ Kb6 26. Nxc3 Qh4 27. Na4+ Rxa4 28. Qxa4 1-0

[Event "Live Chess"]
[Site "Chess.com"]
[Date "2023.05.21"]
[Round "-"]
[White "SmoothBaron"]
[Black "TheSmoulderingMaster"]
[Result "1-0"]
[WhiteElo "2359"]
[BlackElo "1653"]
[TimeControl "300"]
[EndTime "3:58:47 PDT"]
[Termination "SmoothBaron won by resignation"]

1. e4 c5 2. f4 d6 3. Nc3 Nc6 4. Bb5 Bd7 5. d3 Nf6 6. Be3 g6 7. h3 Bg7 8. Qf3 O-O 9. Nge2 a6 10. Bxc6 Bxc6 11. O-O b5 12. Rad1 e6 13. Qf2 Rc8 14. e5 dxe5 15. Bxc5 Re8 16. fxe5 Nd5 17. Qxf7+ Kh8 18.
Bd6 Ne3 19. Nf4 Nxf1 20. Rxf1 Qg5 21. d4 b4 22. Nd1 Bb5 23. Rf2 Bf8 24. Nxe6 Rxe6 25.
Bxf8 1-0

[Event "Live Chess"]
[Site "Chess.com"]
[Date "2023.05.21"]
[Round "-"]
[White "EdenHazard8"]
[Black "sanjesh_ananda"]
[Result "1-0"]
[WhiteElo "1948"]
[BlackElo "1212"]
[TimeControl "300"]
[EndTime "3:58:49 PDT"]
[Termination "EdenHazard8 won by resignation"]

1. e4 e5 2. Nf3 Nc6 3. Bc4 Nf6 4. Ng5 d5 5. exd5 Na5 6. Bb5+ c6 7. dxc6 Nxc6 8.
O-O Qb6 9. Nc3 Bb4 10. Qe2 O-O 11. a3 Bc5 12. Na4 Nd4 13. Nxb6 Nxe2+ 14. Bxe2 Bxb6 15. b4 Bf5 16. d3 Bd4 17. Rb1 Rac8 18. c4 a6 19. Be3 Ng4 20. Bxd4 exd4 21. Ne4 Ne5 22. Nd6 Rc6 23. Nxf5 g6 24. Ne7+ 1-0

[Event "Live Chess"]
[Site "Chess.com"]
[Date "2023.05.21"]
[Round "-"]
[White "HadesLearmonth"]
[Black "Doge_Dandolo"]
[Result "0-1"]
[WhiteElo "1197"]
[BlackElo "1872"]
[TimeControl "300"]
[EndTime "3:58:50 PDT"]
[Termination "Doge_Dandolo won by checkmate"]

1. e4 c6 2. d4 d5 3. e5 Bf5 4.
Nf3 e6 5. Bd3 Bxd3 6. Qxd3 c5 7.
c3 Nd7 8. O-O Ne7 9. Nbd2 Nc6 10.
Nb3 cxd4 11. cxd4 Be7 12. Bf4 O-O 13. Rad1 f6 14. Rc1 fxe5 15. Bxe5 Ndxe5 16. Nxe5 Nxe5 17. dxe5 Rc8 18. Rc3 Rxc3 19. Qxc3 Qc8 20. Qg3 b6 21. Nd4 Bc5 22. Nf3 Qc7 23. Ng5 Qe7 24. a3 a5 25.
Qh4 h6 26. Nf3 Qc7 27. Rc1 Bxf2+ 28. Kxf2 Qxc1 29. b4 Qxa3 30. bxa5 Qxa5 31. g4 Qc3 32. Qg3 b5 33. Kg2 Rxf3 34. Qxf3 Qxf3+ 35. Kxf3 Kf7 36. Ke3 Kg6 37. Kd4 b4 38. h4 h5 39. g5 Kf5 40. Kd3 Kxe5 41. Kc2 Kd4 42. Kb3 Kd3 43. Kxb4 e5 44. g6 e4 45. Kc5 e3 46. Kxd5 e2 47. Ke6 e1=Q+ 48. Kf7 Qxh4 49. Kxg7 Qg5 50. Kh8 h4 51. Kg7 h3 52. Kf7 h2 53. g7 h1=Q 54. g8=Q Qf3+ 55. Ke8 Qxg8+ 56. Kd7 Qff7+ 57. Kd6 Qgg6+ 58. Kc5 Qff5+ 59. Kb4 Qb6+ 60. Ka3 Qfa5# 0-1

[Event "Live Chess"]
[Site "Chess.com"]
[Date "2023.05.21"]
[Round "-"]
[White "Alfiedog12"]
[Black "McSlash1"]
[Result "0-1"]
[WhiteElo "952"]
[BlackElo "2019"]
[TimeControl "300"]
[EndTime "3:59:03 PDT"]
[Termination "McSlash1 won by resignation"]

1. d4 Nf6 2. Bf4 g6 3. e3 Bg7 4. Nf3 O-O 5. Bd3 c5 6. dxc5 Qa5+ 7. c3 Qxc5 8. O-O Nc6 9. Re1 e5 10. Bg3 e4 11. b4 Qh5 12. Ne5 Qxd1 13. Rxd1 exd3 14.
Nxd3 Ne4 15. Nd2 Nxc3 16. Re1 Ne2+ 17. Kh1 Bxa1 18. Rxa1 Nxg3+ 19. hxg3 d6 20. Nf3 Bf5 21. Nf4 Ne5 22. Nd5 Kg7 23. Nxe5 dxe5 24. Rc1 Rac8 25. Rxc8 Rxc8 26. Ne7 Rc2 27. Nxf5+ gxf5 28. a4 Rxf2 29.
Kg1 Rb2 30. b5 Ra2 31. Kf1 Rxa4 32. Ke2 Rb4 33. Kd3 Rxb5 34. Kc4 a6 35. Kc3 e4 36. Kd4 Kf6 37. Kc3 Ke5 0-1

[Event "Live Chess"]
[Site "Chess.com"]
[Date "2023.05.21"]
[Round "-"]
[White "matt1979"]
[Black "Abde2012"]
[Result "1-0"]
[WhiteElo "1549"]
[BlackElo "751"]
[TimeControl "300"]
[EndTime "3:59:24 PDT"]
[Termination "matt1979 won by resignation"]

1. f4 c6 2. Nf3 d5 3. e3 Bf5 4. d3 e6 5. Be2 Bd6 6. O-O h6 7. Qe1 Nf6 8. Nc3 O-O 9. Ne5 Bxe5 10. fxe5 Nfd7 11. d4 Qg5 12. e4 dxe4 13. Bxg5 hxg5 14.
Bc4 1-0

[Event "Live Chess"]
[Site "Chess.com"]
[Date "2023.05.21"]
[Round "-"]
[White "Sweet-O"]
[Black "apl_trainer"]
[Result "0-1"]
[WhiteElo "1420"]
[BlackElo "1781"]
[TimeControl "300"]
[EndTime "3:59:26 PDT"]
[Termination "apl_trainer won by resignation"]

1. d4 Nf6 2. Nc3 d5 3. Bf4 c5 4. e3 a6 5. f3 cxd4 6. Qxd4 Nc6 7. Qd2 e5 8. Bg3 Bb4 9. O-O-O O-O 10. Qd3 Be6 11.
f4 e4 12. Qd2 Qa5 13. Nge2 Rfd8 14. a3 Bxa3 15. bxa3 Qxa3+ 16. Kb1 Nb4 17. Nd4 Rac8 18. Be1 Rc5 19. Nb3 Rdc8 20. Nxc5 Rxc5 21. h3 Ra5 0-1

[Event "Live Chess"]
[Site "Chess.com"]
[Date "2023.05.21"]
[Round "-"]
[White "LiamBellwood"]
[Black "ChessTWSS"]
[Result "0-1"]
[WhiteElo "1912"]
[BlackElo "1633"]
[TimeControl "300"]
[EndTime "3:59:29 PDT"]
[Termination "ChessTWSS won by resignation"]

1. d4 d5 2. Nc3 c5 3. e4 dxe4 4.
d5 Nf6 5. Nge2 e6 6. dxe6 Qxd1+ 7. Kxd1 Bxe6 8. Ng3 Be7 9. Bb5+ Bd7 10. Bxd7+ Nbxd7 11. Ngxe4 Nxe4 12. Nxe4 O-O 13. Re1 f5 14. Nc3 Bf6 15.
Bd2 Bxc3 16. Bxc3 Rfe8 17. Kd2 Rxe1 18. Rxe1 Nf6 19. f3 Re8 20. Bxf6 Rxe1 21. Kxe1 gxf6 22. f4 Kg7 23. Kd2 Kh6 24. Kd3 Kh5 25. a4 Kg4 26. Ke3 a5 27. b3 h6 28. c3 h5 29. Kd3 Kxf4 30. Kc4 h4 31. Kxc5 h3 32. gxh3 Kg5 33. Kb6 Kh4 34. Kxb7 Kxh3 35. c4 Kxh2 36. c5 f4 37. c6 f3 38. c7 f2 39. c8=Q f1=Q 40.
Qc2+ Qg2+ 0-1

[Event "Live Chess"]
[Site "Chess.com"]
[Date "2023.05.21"]
[Round "-"]
[White "f4nomore"]
[Black "LL220284LL"]
[Result "0-1"]
[WhiteElo "1403"]
[BlackElo "2316"]
[TimeControl "300"]
[EndTime "3:59:53 PDT"]
[Termination "LL220284LL won by resignation"]

1. d4 Nh6 2. Bxh6 gxh6 3. Nf3 d5 4. e3 c6 5. Bd3 Nd7 6. O-O Qc7 7. c4 dxc4 8. Bxc4 e5 9. Qb3 Nb6 10. Nxe5 Nxc4 11.
Qxc4 Bd6 12. f4 Be6 13. Qd3 f6 14. Nf3 Rg8 15. g3 O-O-O 16. Nc3 Rde8 17. Ne4 Bf5 18. Nxd6+ Qxd6 19. Qxf5+ Kb8 20. b3 Rxe3 21. Qxh7 Rge8 22. Rad1 Qd5 23. Qg6 Rg8 24. Qxf6 Rxf3 25. Qe5+ Qxe5 26. dxe5 Re3 27. f5 Rxe5 28. f6 Rf8 29. Rd6 Kc7 30. Rdd1 Re6 31. f7 Re7 32. Rd4 Rfxf7 33. Rxf7 Rxf7 34. Rh4 Rf6 35. Kg2 b5 36. Rg4 c5 37. Rg7+ Kb6 38. a3 c4 39. bxc4 bxc4 40.
Rg4 Kc5 41. Re4 c3 42. Re1 Kd4 43. Rc1 Kd3 44. Rd1+ Ke2 45. Rc1 Kd2 46. Ra1 c2 47.
Ra2 Kd1 0-1

[Event "Live Chess"]
[Site "Chess.com"]
[Date "2023.05.21"]
[Round "-"]
[White "CeladonFish"]
[Black "Davidagye"]
[Result "0-1"]
[WhiteElo "1081"]
[BlackElo "1686"]
[TimeControl "300"]
[EndTime "4:00:08 PDT"]
[Termination "Davidagye won by resignation"]

1. d4 d5 2. c4 c6 3. Nc3 e6 4. Bf4 Nf6 5. Nf3 dxc4 6. e3 b5 7. a4 Bb4 8. axb5 cxb5 9. Qc2 Bb7 10. Nd2 Bxc3 11. bxc3 Nd5 12. Be5 f6 13. Bg3 O-O 14.
e4 Nb6 15. Qb2 Qd7 16. Ra5 a6 17. Be2 Nc6 18. Ra1 Rac8 19. O-O Nxd4 20. cxd4 c3 21. Qa2 cxd2 22. Qxd2 Nc4 23. Bxc4 Rxc4 24. Rac1 Rxd4 25. Qc2 Bxe4 26. Qc5 Bb7 27. f3 Rc8 28. Qa3 Rd2 29. Rxc8+ Qxc8 30. Qe3 0-1

[Event "Live Chess"]
[Site "Chess.com"]
[Date "2023.05.21"]
[Round "-"]
[White "JanMur7"]
[Black "manthanit"]
[Result "1-0"]
[WhiteElo "1978"]
[BlackElo "1088"]
[TimeControl "300"]
[EndTime "4:00:13 PDT"]
[Termination "JanMur7 won by checkmate"]

1. e4 e6 2. d4 d6 3. c4 b6 4. Nc3 Bb7 5. Nf3 a6 6. Bd3 h6 7. O-O g6 8. Bf4 Bg7 9. e5 Ne7 10. exd6 cxd6 11. Ne4 Bxe4 12. Bxe4 d5 13. cxd5 exd5 14. Bc2 O-O 15. Qd2 Nbc6 16. Bxh6 Bxh6 17.
Qxh6 Nf5 18. Bxf5 gxf5 19. Ng5 Qxg5 20. Qxg5+ Kh8 21. f4 Rg8 22. Qh6# 1-0

[Event "Live Chess"]
[Site "Chess.com"]
[Date "2023.05.21"]
[Round "-"]
[White "mikeybaby1986"]
[Black "RoaringKnights"]
[Result "1-0"]
[WhiteElo "1301"]
[BlackElo "1081"]
[TimeControl "300"]
[EndTime "4:00:22 PDT"]
[Termination "mikeybaby1986 won by checkmate"]

1. e4 c6 2. Nf3 d5 3. exd5 cxd5 4. d4 Bf5 5. Nc3 e6 6. Bb5+ Nc6 7. O-O a6 8. Ba4 b5 9. Bb3 Nf6 10. a4 bxa4 11.
Bxa4 Rc8 12. Qe2 Bd6 13. Qxa6 Qc7 14. Bxc6+ Qxc6 15. Qxc6+ Rxc6 16. Ra8+ Ke7 17. Rxh8 Ne4 18. Nxe4 dxe4 19. Ne5 Bxe5 20. dxe5 Rxc2 21. b4 e3 22. fxe3 Be4 23. Ba3 Rxg2+ 24. Kh1 Ra2+ 25. Kg1 Rxa3 26.
Rf4 Rxe3 27. Kf2 Rf3+ 28. Rxf3 Bxf3 29. Kxf3 f6 30. Rxh7 fxe5 31. Rxg7+ Kd6 32. h4 Kd5 33. Ke3 Kc4 34. h5 Kxb4 35. h6 Kc4 36. h7 Kd5 37. h8=Q Kc4 38. Rd7 Kc5 39. Qc8+ Kb6 40. Rb7+ Ka6 41.
Qa8# 1-0

[Event "Live Chess"]
[Site "Chess.com"]
[Date "2023.05.21"]
[Round "-"]
[White "GMMickeyAdams"]
[Black "JoeRoot66"]
[Result "1-0"]
[WhiteElo "2794"]
[BlackElo "1917"]
[TimeControl "300"]
[EndTime "4:00:43 PDT"]
[Termination "GMMickeyAdams won by resignation"]

1. c4 e6 2. g3 Nf6 3. Bg2 d5 4. Nf3 Be7 5. O-O O-O 6. d4 dxc4 7.
Qc2 a6 8. a4 Bd7 9. Qxc4 Bc6 10. Bf4 h6 11. Nc3 Nbd7 12. Rfd1 Nb6 13. Qb3 Nfd5 14.
Ne5 Nxc3 15. bxc3 Bxg2 16. Kxg2 Qd5+ 17. Qxd5 Nxd5 18. Bd2 c5 19. Rab1 Ra7 20. e4 Nf6 21. Kf3 cxd4 22. cxd4 Rd8 23. Be3 Nd7 24. Rdc1 f6 25.
Nxd7 Rxd7 26. Rc8+ Kf7 27. d5 b6 28. dxe6+ Kxe6 29. Rxb6+ Kf7 30. Rbc6 Rab7 31. Rxa6 Rb4 32. Rca8 Rb3 33.
R8a7 Rxa7 34. Rxa7 Ke6 35. a5 Ra3 36. Kg2 Ra4 37.
a6 Rxe4 38. Rb7 Ra4 39. a7 g5 40. Rb8 1-0

[Event "Live Chess"]
[Site "Chess.com"]
[Date "2023.05.21"]
[Round "-"]
[White "Tushinskiy"]
[Black "WelshTiger"]
[Result "1/2-1/2"]
[WhiteElo "2192"]
[BlackElo "2323"]
[TimeControl "300"]
[EndTime "4:00:44 PDT"]
[Termination "Game drawn by repetition"]

1. d4 d5 2. c3 Nf6 3. Nf3 Bg4 4.
Bf4 e6 5. Nbd2 Bd6 6. Bg3 Nbd7 7. e3 Bxg3 8. hxg3 Qe7 9. Qb3 Rb8 10. Qa4 a6 11.
Bd3 h6 12. Ne5 O-O 13. Nxg4 Nxg4 14. Nf3 e5 15. dxe5 Ndxe5 16. Be2 c6 17. Nxe5 Nxe5 18. Qf4 Ng6 19. Qg4 Ne5 20. Qh5 Qg5 21. Qxg5 hxg5 22. Kd2 f6 23. Rae1 Kf7 24. b3 Rh8 25. f4 gxf4 26. gxf4 Nd7 27. g4 Nc5 28. Bf3 Rxh1 29. Rxh1 Re8 30. Re1 Rh8 31. Re2 Rh3 32. Bg2 Rg3 33.
b4 Ne4+ 34. Bxe4 dxe4 35. c4 Rxg4 36. Kc3 Rg1 37. Kd4 Rc1 38. a4 b6 39. Rh2 f5 40. Rh8 Rd1+ 41. Ke5 Rd3 42. Rc8 Rxe3 43. Rxc6 Rc3 44. Kxf5 e3 45. Rxb6 Rxc4 46. Rb7+ Kg8 47.
Rb8+ Kh7 48. Re8 Rxb4 49. Rxe3 Rxa4 50. Kg5 Ra1 51. Re7 a5 52. Ra7 a4 53. f5 Kg8 54.
Kg6 Rg1+ 55. Kh5 Rh1+ 56. Kg6 Rg1+ 57. Kh5 Rh1+ 58. Kg6 Rg1+ 1/2-1/2

[Event "Live Chess"]
[Site "Chess.com"]
[Date "2023.05.21"]
[Round "-"]
[White "Misha145Chess"]
[Black "KeithArkell"]
[Result "0-1"]
[WhiteElo "622"]
[BlackElo "2501"]
[TimeControl "300"]
[EndTime "4:00:45 PDT"]
[Termination "KeithArkell won by checkmate"]

1. g4 d5 2. Bg2 c6 3. h3 h5 4. e4 dxe4 5. Bxe4 Nf6 6. Bf3 hxg4 7. Bxg4 Bxg4 8. f3 Bf5 9. d4 e6 10. Bg5 Bd6 11. Nc3 Qc7 12. Qe2 Bg3+ 13. Kd2 Bf4+ 14. Bxf4 Qxf4+ 15. Ke1 Nbd7 16. Rd1 Nh5 17. Qf2 Qg3 18.
Qxg3 Nxg3 19. Rh2 O-O-O 20. Rg2 Nh5 21. Rg5 g6 22. Nge2 Nhf6 23. Nf4 Bxh3 24. Nxh3 Rxh3 25. Rd3 Rdh8 26. Kd2 Rh2+ 27. Ne2 Rf2 28. Ke3 Rhh2 29. Rd2 Nd5+ 30. Kd3 Rxe2 31. Rxe2 Nf4+ 32. Ke3 Nxe2 33. c4 Nf6 34. b4 Nh5 35. b5 Nef4 36.
Rc5 Re2# 0-1

[Event "Live Chess"]
[Site "Chess.com"]
[Date "2023.05.21"]
[Round "-"]
[White "YrrriKharkiv"]
[Black "Conradical12"]
[Result "1-0"]
[WhiteElo "2065"]
[BlackElo "1567"]
[TimeControl "300"]
[EndTime "4:00:46 PDT"]
[Termination "YrrriKharkiv won on time"]

1. e4 e5 2. Nf3 Nc6 3. Bc4 Nf6 4. O-O Bc5 5. Re1 O-O 6. c3 d5 7. exd5 Na5 8. Bf1 e4 9. Nd4 Qxd5 10. b4 Bxd4 11.
cxd4 Qxd4 12. Nc3 Ng4 13. Qe2 Be6 14. Nb5 Qxa1 15. bxa5 Qe5 16. g3 c6 17. Nc3 f5 18.
h3 Nf6 19. f4 Qxa5 20. Qe3 Rad8 21. Bb2 Nd5 22. Nxd5 Qxd5 23. Qc3 Rf7 24. Rd1 Qxa2 25. d4 exd3 26. Bxd3 Qd5 27. Be2 Qxd1+ 28. Bxd1 Rxd1+ 29. Kf2 Rfd7 30. Bc1 a5 31. Be3 a4 32.
Qe5 Bf7 33. Qb8+ Rd8 34. Qxb7 a3 35. Qa6 a2 36. g4 a1=Q 37. Qxa1 Rxa1 38. gxf5 Ra2+ 39. Kf3 Bc4 40. f6 Be2+ 41. Ke4 gxf6 42. Bc5 Bd3+ 43. Kf3 Re2 44. Bb6 Kf7 45. Bxd8 c5 46.
Bb6 c4 47. Bd4 Rc2 48. h4 c3 49. h5 Rc1 50. Bxc3 Rxc3 51. Ke3 Rb3 52. Kd2 Ra3 53.
Ke3 Ra4 54. Kf3 Ra5 55. Kg3 Ra6 56. h6 Rd6 57. Kg4 Rc6 58. Kf3 Rc5 59. Ke3 Rc4 60. Kf3 Rc5 61. Kf2 Rc6 62. Ke3 1-0